 Dungeon Crawl Stone Soup version 0.19.5 (webtiles) character file.

27 equalderp2856 the Caller (level 2, -2/11 HPs)
             Began as a Felid Summoner on Apr 10, 2017.
             Killed from afar by an orc wizard (4 damage)
             ... with a magic dart
             ... on level 1 of the Dungeon.
             The game lasted 00:03:48 (1726 turns).

equalderp2856 the Caller (Felid Summoner)           Turns: 1726, Time: 00:03:49

Health: -2/11      AC:  1    Str:  4    XL:     2   Next: 93%
Magic:  2/6        EV: 18    Int: 16    God:
Gold:   35         SH:  0    Dex: 16    Spells: 1 memorised, 4 levels left
                                        Lives:  0   Deaths: 0

rFire  . . .     SeeInvis +     (weapon unavailable)
rCold  . . .     Gourm    .     (armour unavailable)
rNeg   . . .     Faith    .     (shield unavailable)
rPois  .         Spirit   .     (helmet unavailable)
rElec  .         Reflect  .     (cloak unavailable)
rCorr  .         Harm     .     (gloves unavailable)
MR     .....                    (boots unavailable)
Stlth  +++.......               (no amulet)
                                (no ring)
                                (no ring)

@: quick
A: no armour, no weapons or thrown items, stealth, claws 1, fangs 3, see
invisible, carnivore 3, speed 1, shaggy fur 1, slow metabolism 1, sharp paws
a: no special abilities


You were on level 1 of the Dungeon.
You were completely stuffed.

You visited 1 branch of the dungeon, and saw 1 of its levels.

You collected 35 gold pieces.

Inventory:

Jewellery
 g - an uncursed ring of wizardry {unknown}
Scrolls
 c - a scroll of fear {unknown}
 d - 2 scrolls of identify {unknown}
Potions
 e - a potion of flight {unknown}
Books
 a - a book of Callings

   Spells                             Type                      Level
   a - Summon Small Mammal            Summoning                    1
   b - Call Imp                       Summoning                    2
   c - Call Canine Familiar           Summoning                    3
   d - Summon Guardian Golem          Hexes/Summoning              3
   e - Summon Lightning Spire         Summoning/Air                4
   f - Summon Ice Beast               Ice/Summoning                4
Comestibles
 b - a meat ration


   Skills:
 + Level 2.9 Dodging
 + Level 3.0 Stealth
 + Level 0.8 Unarmed Combat
 + Level 2.2 Spellcasting
 + Level 4.4 Summonings


You had 4 spell levels left.
You knew the following spells:

 Your Spells              Type           Power        Failure   Level  Hunger
a - Summon Small Mammal   Summ           ###.         4%          1    #......


Dungeon Overview and Level Annotations

Branches:
Dungeon (1/15)

Altars:


Innate Abilities, Weirdness & Mutations

You cannot wear armour.
You are incapable of wielding weapons or throwing items.
Your paws allow you to move quietly. (Stealth)
You have sharp claws.
You have razor-sharp teeth.
You have supernaturally acute eyesight. (SInv)
You are carnivorous and can eat meat at any time.
You cover ground quickly.
You are covered in fur. (AC +1)
You have a slow metabolism.
Your sharp claws are effective at attacking unaware monsters.


Message History

The orc wizard gestures at you while chanting.
You are confused.
You're too confused to move!
You feel less confused. The orc wizard casts a spell at you.
You are confused.
You bump into the rock wall.
You bump into the rock wall.
You bump into the rock wall.
The orc hits you from afar with a trident!
Ouch! That really hurt!
* * * LOW HITPOINT WARNING * * *
You bump into the rock wall.
You feel less confused. The orc wizard barely misses you.
The orc closely misses you.
Casting: Summon Small Mammal
Confirm with . or Enter, or press ? or * to list all spells.
The orc wizard casts a spell at you. The magic dart hits you!
You die...

.# #......#####.#.......# #######
.# #.........##.#.......###.....)
...#...........)............##'##
...#####'#...##.#.......#####...#
...# #.#...##o######### #...o
...# #.#...##o#...####### #...#
...#####.######o#)........# ##'##
...#.....#....#.#.........###..[#
####....>.......@b........+.#...#
# #....(#....###.........#.#...#
# #[.........# #...........##'##
####..........# #...####....#...#
..............###....##.....#...#
#.......##.......#...##...#.#...#
#.......##.......#...##...#.##'##
#.......######...#...##...#.#.).#
........### #...#...##...#.#.⌠.#


You could see an orc wizard, 2 orcs and a friendly bat.

Vanquished Creatures
  A goblin (D:1)
  2 hobgoblins (D:1)
  A jackal (D:1)
  2 kobolds (D:1)
  A ball python (D:1)
  A frilled lizard (D:1)
  3 rats (D:1)
11 creatures vanquished.

Vanquished Creatures (collateral kills)
  A leopard gecko (D:1)
  An orc (D:1)
  4 goblins (D:1)
  5 hobgoblins (D:1)
  2 jackals (D:1)
  A kobold (D:1)
  A frilled lizard (D:1)
  2 rats (D:1)
17 creatures vanquished.

Grand Total: 28 creatures vanquished

Notes
Turn   | Place    | Note
-------+----------+-------------------------------------------
     0 | D:1      | equalderp2856 the Felid Summoner began the quest for the Orb.
     0 | D:1      | Reached XP level 1. HP: 7/7 MP: 4/4
   282 | D:1      | Reached XP level 2. HP: 4/11 MP: 3/6
  1726 | D:1      | Killed from afar by an orc wizard

Skill      XL: |  1  2 |
---------------+-------+-----
Stealth        | 3 |  3.0
Dodging        | |  2.9
Unarmed Combat | |  0.8
Spellcasting   | |  2.2
Summonings     | |  4.4

Action                   || total
-------------------------++-------
Melee: Unarmed           ||    55
       Bite              ||     5
 Cast: Summon Small Mamm ||    28
 Stab: Sleeping          ||     5
  Eat: Chunk             ||     9
Armor: Skin              ||     2
Dodge: Dodged            ||    67
